 Dungeon Crawl Stone Soup version 0.20.1-1-g8b1a95d (webtiles) character file.

22 polve the Skirmisher (level 2, 0/24 HPs)
             Began as a Demonspawn Abyssal Knight on July 6, 2017.
             Was a Follower of Lugonu.
             Slain by a giant cockroach (2 damage)
             ... on level 1 of the Dungeon.
             The game lasted 00:01:09 (799 turns).

polve the Skirmisher (Demonspawn Abyssal Knight)     Turns: 799, Time: 00:01:10

Health: 0/24       AC:  3    Str: 12    XL:     2   Next: 68%
Magic:  3/3        EV: 11    Int: 13    God:    Lugonu [*.....]
Gold:   25         SH:  0    Dex: 14    Spells: 1/1 levels left

rFire    . . .     SeeInvis +   a - +1 falchion
rCold    . . .     Gourm    .   (no shield)
rNeg     . . .     Faith    .   b - +0 leather armour
rPois    .         Spirit   .   (no helmet)
rElec    .         Reflect  .   (no cloak)
rCorr    .         Harm     .   (no gloves)
MR       .....     Rnd*Tele +   (no boots)
Stlth    ++........             (no amulet)
Regen    0.1/turn               f - ring of teleportation (curse)
MPRegen  0.1/turn               e - ring of see invisible

@: no status effects
A: thin skeletal structure 1
a: Depart the Abyss, Renounce Religion


You were on level 1 of the Dungeon.
You worshipped Lugonu.
Lugonu was aware of your devotion.
You were not hungry.

You visited 1 branch of the dungeon, and saw 1 of its levels.
You visited the Abyss 1 time.

You collected 25 gold pieces.

Inventory:

Hand Weapons
 a - a +1 falchion (weapon)
Armour
 b - a +0 leather armour (worn)
Jewellery
 e - a ring of see invisible (right hand)
 f - a cursed ring of teleportation (left hand)
Scrolls
 d - a scroll of remove curse {unknown}
 g - a scroll of noise {unknown}
Comestibles
 c - a bread ration


   Skills:
 - Level 3.0 Fighting
 + Level 3.0 Long Blades
 - Level 1.7 Armour
 - Level 0.8 Dodging
 - Level 2.4 Invocations


You had one spell level left.
You didn't know any spells.

Dungeon Overview and Level Annotations

Branches:
Dungeon (1/15)

Altars:


Innate Abilities, Weirdness & Mutations

You have a somewhat thin skeletal structure. (Dex +2, Stealth)


Message History

You kill the bat!
Lugonu accepts your kill.
The hobgoblin hits you but does no damage.
You barely miss the hobgoblin.
The hobgoblin hits you but does no damage.
You hit the hobgoblin.
The hobgoblin is moderately wounded.
The hobgoblin hits you but does no damage.
You closely miss the hobgoblin.
The hobgoblin is moderately wounded.
The hobgoblin barely misses you. The hobgoblin hits you with a club.
* * * LOW HITPOINT WARNING * * *
You slash the hobgoblin!
You kill the hobgoblin!
Lugonu accepts your kill.
Your Long Blades skill increases to level 3!
The giant cockroach closely misses you.
You riposte.
You hit the giant cockroach but do no damage.
You barely miss the giant cockroach. The giant cockroach bites you.
You die...

..s.....g...........>....###....#
###...#.......#.........## ##.#.#
......#.......##.#(....... #.#.#
...b..#..#....#...(....... #.# #
...##.#..##..##.......#.#.# #.#
... ...........>......#.#.. ..#
................Kg......# #.#
..............##s#(######
.......#...... #@#.#
....#..#..... #.#.# .?..#..# ...
#.#.# ... #'#.# ... ... #....
#.... #.....


You could see a giant cockroach, a goblin and a kobold.

Vanquished Creatures
  An ooze (D:1)
  2 giant cockroaches (D:1)
  5 hobgoblins (D:1)
  4 kobolds (D:1)
  2 bats (D:1)
  A frilled lizard (D:1)
  A rat (D:1)
16 creatures vanquished.

Vanquished Creatures (others)
  2 starspawn tentacles (Abyss:1)
2 creatures vanquished.

Grand Total: 18 creatures vanquished

Notes
Turn   | Place    | Note
-------+----------+-------------------------------------------
     0 | Abyss:1  | polve the Demonspawn Abyssal Knight began the quest for the Orb.
     0 | Abyss:1  | Reached XP level 1. HP: 18/18 MP: 2/2
     0 | Abyss:1  | Found a hide-covered altar of Uskayaw.
    74 | Abyss:1  | Noticed an ice devil
    87 | Abyss:1  | Noticed a red devil
    95 | Abyss:1  | Noticed a small abomination
   109 | Abyss:1  | Noticed a neqoxec
   115 | Abyss:1  | Noticed a tentacled starspawn
   124 | Abyss:1  | Noticed a starcursed mass
   129 | D:1      | Escaped the Abyss
   526 | D:1      | Reached * piety under Lugonu
   526 | D:1      | Gained mutation: You have a somewhat thin skeletal structure. (Dex +2, Stealth) [demonic ancestry]
   526 | D:1      | Reached XP level 2. HP: 21/24 MP: 3/3
   701 | D:1      | HP: 1/24 [hobgoblin/club (1)]
   799 | D:1      | Slain by a giant cockroach

Skill      XL: |  1  2 |
---------------+-------+-----
Long Blades    | 2 3 |  3.0
Fighting       | |  3.0
Armour         | |  1.7
Dodging        | |  0.8
Invocations    | |  2.4

Action                   || total
-------------------------++-------
Melee: Falchion          ||    57
Invok: Depart the Abyss  ||     1
Armor: Leather armour    ||    18
Dodge: Dodged            ||    46
       Rpst.: Falchion   ||    14
